Map: Cactus Valley LE (Void)

Players

Nerchio - Winner!

  • Race: Zerg Zerg
  • Spawn Location: 1:00

JonSnow

  • Race: Zerg Zerg
  • Spawn Location: 7:00

Event: WCS Austin 2017

VOD

Have the link to the VOD?

Description

Time

  • Played on: April 29, 2017, 2:35 p.m.
  • Length: 9:32

All games in this series

Show
View Real Time Build Order
Export as new Build Order

Nerchio Zerg - Winner!

Build Orders: Pool First 

Get SALT Encoding   

  12  0:00  Drone  
  13  0:12  Overlord  
  13  0:17  Drone  
  14  0:30  Drone x2  
  14  0:34  Drone  
  17  0:45  Spawning Pool  
  17  0:49  Drone  
  17  0:56  Drone  
  18  0:59  Extractor  
  17  1:06  Drone  
  18  1:19  Hatchery  
  18  1:23  Drone  
  18  1:33  Queen  
  18  1:37  Zergling x2  
  21  1:45  Overlord  
  21  1:49  Zergling x2  
  22  2:00  Baneling Nest  
  21  2:04  Spine Crawler  
  21  2:06  Zergling x2  
  21  2:16  Queen  
  21  2:22  Zergling x2  
  24  2:24  Zergling x2  
  24  2:37  Zergling x4  
  24  2:43  Baneling x3  
  26  2:46  Baneling x2  
  26  2:47  Zergling x2  
  26  2:51  Zergling x2  
  28  2:52  Zergling x2  
  28  2:57  Drone  
  29  3:00  Drone  
  29  3:03  Drone  
  28  3:09  Drone  
  28  3:11  Drone  
  29  3:13  Drone  
  29  3:18  Baneling x2  
  30  3:21  Drone  
  31  3:29  Queen  
  31  3:32  Drone  
  34  3:39  Drone x2  
  34  3:49  Drone  
  34  3:53  Overlord  
  35  4:00  Metabolic Boost  
  35  4:03  Overlord  
  35  4:11  Drone x3  
  35  4:12  Drone x4  
  35  4:14  Drone  
  43  4:18  Overlord  
  43  4:22  Overlord  
  43  4:32  Roach Warren  
  43  4:33  Drone  
  43  4:34  Drone, Extractor  
  43  4:36  Drone  
  44  4:49  Hatchery  
  44  4:52  Drone x2  
  45  4:53  Drone  
  45  4:57  Drone x2  
  45  4:58  Drone  
  48  5:03  Drone  
  48  5:04  Evolution Chamber  
  48  5:09  Extractor  
  48  5:10  Lair  
  47  5:14  Zergling x4  
  47  5:17  Zergling x4  
  47  5:19  Zergling x2  
  47  5:20  Zergling x2  
  52  5:24  Zergling x4  
  52  5:25  Zergling x2  
  55  5:29  Drone  
  55  5:31  Drone  
  55  5:33  Zerg Missile Weapons Level 1  
  57  5:37  Drone x2  
  57  5:38  Drone  
  57  5:41  Drone x2  
  57  5:42  Drone  
  63  5:44  Drone  
  63  5:46  Drone  
  63  5:49  Overlord  
  65  5:54  Extractor, Baneling x2  
  65  5:55  Baneling x2  
  65  5:57  Overlord  
  64  6:07  Roach x4  
  72  6:12  Roach x2  
  72  6:14  Roach  
  72  6:15  Roach  
  72  6:18  Roach  
  79  6:19  Roach  
  79  6:23  Roach  
  79  6:24  Roach  
  83  6:26  Roach  
  81  6:34  Roach  
  81  6:35  Roach  
  81  6:36  Roach  
  80  6:40  Roach  
  80  6:44  Roach  
  80  6:51  Glial Reconstitution  
  80  6:52  Drone x2  
  80  6:54  Drone  
  83  6:55  Drone  
  83  6:56  Drone  
  83  6:57  Drone  
  86  7:03  Roach x2  
  90  7:09  Overlord x2  
  90  7:10  Overseer  
  90  7:13  Overlord  
  90  7:27  Queen  
  90  7:29  Roach x5  
  102  7:32  Drone x3  
  105  7:45  Overlord x2  
  105  7:46  Overlord  
  105  7:48  Overlord  
  105  7:53  Overlord  
  105  7:59  Overlord x2  
  105  8:04  Roach x3  
  105  8:05  Roach  
  113  8:08  Roach x2  
  113  8:11  Roach  
  119  8:14  Roach  
  119  8:15  Roach  
  119  8:17  Roach  
  125  8:23  Roach x3  
  131  8:29  Roach x2  
  131  8:30  Roach, Extractor  
  131  8:33  Roach  
  138  8:44  Roach x3  
  138  8:46  Roach x2  
  138  8:48  Roach x2  
  132  8:50  Roach  
  132  8:53  Roach  
  132  8:54  Roach  
  118  8:58  Roach  
  118  8:59  Roach  
  118  9:01  Roach  
  118  9:04  Roach  
  118  9:09  Roach x2  
  124  9:12  Roach  
  128  9:23  Ravager x2  
  128  9:24  Ravager  
Show
View Real Time Build Order
Export as new Build Order

JonSnow Zerg 

Build Orders: Pool First 

Get SALT Encoding   

  12  0:00  Drone  
  13  0:14  Extractor  
  12  0:25  Spawning Pool  
  12  0:28  Drone  
  12  0:33  Drone  
  13  0:40  Drone  
  14  0:50  Overlord  
  14  1:12  Zergling x6  
  14  1:13  Metabolic Boost  
  17  1:23  Zergling x2  
  18  1:34  Baneling Nest  
  18  1:35  Zergling x2  
  18  1:47  Zergling x2  
  18  1:51  Queen  
  21  1:56  Zergling x2  
  22  2:05  Overlord  
  22  2:25  Baneling x2  
  22  2:31  Zergling x4  
  24  2:38  Zergling x2  
  24  2:41  Baneling  
  24  2:50  Drone  
  25  3:05  Drone x3  
  23  3:12  Drone  
  24  3:16  Baneling x2  
  24  3:24  Hatchery  
  23  3:29  Evolution Chamber  
  22  3:40  Drone x3  
  22  3:49  Drone x3  
  25  4:00  Zerg Melee Weapons Level 1  
  25  4:11  Zergling x2  
  25  4:13  Baneling x2  
  25  4:14  Queen  
  28  4:21  Overlord  
  28  4:24  Drone  
  28  4:26  Drone  
  29  4:35  Drone x2  
  29  4:37  Drone  
  32  4:51  Drone x4  
  36  5:06  Hatchery  
  35  5:09  Overlord  
  35  5:19  Overlord  
  35  5:21  Zergling x10  
  39  5:23  Zergling x2  
  41  5:29  Zergling x2  
  42  5:35  Zergling x2  
  42  5:36  Zergling x8  
  42  5:42  Zergling x6  
  49  5:48  Zergling x4  
  51  5:56  Zergling x2  
  52  5:59  Baneling x4  
  52  6:04  Zergling x2  
  52  6:05  Zergling x6  
  52  6:09  Zergling x2  
  57  6:13  Zergling x2  
  57  6:16  Baneling x2  
  53  6:20  Zergling x8  
  53  6:25  Zergling x4  
  51  6:34  Zergling x2  
  51  6:35  Zergling x6  
  52  6:44  Zergling x6  
  53  6:51  Queen  
  53  6:52  Zerg Ground Armor Level 1  
  55  6:55  Zergling x6  
  55  6:59  Baneling  
  58  7:07  Zergling x6  
  60  7:12  Overlord  
  61  7:15  Zergling x4, Extractor  
  61  7:20  Zergling x4  
  63  7:23  Unknown  
  63  7:24  Zergling x4  
  65  7:31  Extractor  
  65  7:36  Zergling x14  
  71  7:45  Zergling x2  
  71  7:46  Zergling x2  
  71  7:49  Overlord  
  72  7:52  Baneling x4  
  72  7:53  Overlord, Baneling x2  
  72  7:54  Zergling x2  
  72  7:55  Zergling x2  
  72  7:57  Overlord  
  74  8:03  Overlord  
  74  8:09  Zergling x2  
  74  8:10  Zergling x6  
  74  8:11  Zergling x2  
  79  8:14  Zergling x2  
  79  8:19  Zergling x4  
  82  8:23  Zergling x4  
  82  8:24  Zergling x2  
  84  8:29  Zergling x4  
  84  8:33  Baneling x4  
  85  8:44  Zergling x2  
  85  8:45  Zergling x10  
  74  8:49  Zergling x2  
  74  8:50  Zergling x2  
  74  8:54  Zergling x4  
  72  8:58  Zergling x4  
  72  9:02  Baneling x2  
  72  9:03  Zergling x2  
  72  9:05  Baneling  
  72  9:08  Zergling x4  
  74  9:13  Zergling x2  
  74  9:14  Zergling x4  
Tags
 
Add a new tag
Caveats
  • Supply blocks, unpowered buildings, or Contaminate may cause inaccurate times.
  • Supply counts are checked every 10 seconds.